 Dungeon Crawl Stone Soup version 0.29.1-1-gd02db6906a (webtiles) character file.

Game seed: 15386653348034090186

3976 EvilAshe the Reanimator (level 10, 0/63 HPs)
             Began as a Vampire Necromancer on Sept 17, 2022.
             Was a Believer of Makhleb.
             Slain by a sun demon (8 damage)
             ... summoned by a kobold demonologist
             ... on level 7 of the Dungeon on Sept 18, 2022.
             The game lasted 00:36:46 (8935 turns).

EvilAshe the Reanimator (Vampire Necromancer)       Turns: 8935, Time: 00:36:46

Health: 0/63       AC:  8    Str:  7    XL:     10   Next: 2%
Magic:  22/22      EV: 12    Int: 21    God:    Makhleb [**....]
Gold:   364        SH:  4    Dex: 22    Spells: 14/26 levels left

rFire   + . .      SeeInvis +   D - +2 dagger (drain)
rCold   . . .      Faith    .   A - +0 buckler
rNeg    . . .      Spirit   .   G - +3 leather armour {rF+}
rPois   .          Reflect  .   i - +0 helmet
rElec   .          Harm     .   K - +0 cloak
rCorr   .          Rampage  .   (no gloves)
Will    +....                   (no boots)
Stlth   +++.......              I - amulet of magic regeneration
HPRegen 0.40/turn               h - +4 ring of slaying
MPRegen 0.58/turn               O - +6 ring of dexterity

@: healing quickly
A: alive, fangs 3, see invisible, vampiric 2
a: Exsanguinate, Renounce Religion, Minor Destruction


You were on level 7 of the Dungeon.
You worshipped Makhleb.
Makhleb was pleased with you.
You visited 2 branches of the dungeon, and saw 10 of its levels.
You also visited: Ossuary.

You collected 464 gold pieces.
You spent 100 gold pieces at shops.

Inventory:

Hand Weapons
 g - a +3 short sword of draining
 D - a +2 dagger of draining (weapon)
Missiles
 a - 5 javelins (quivered)
 y - 50 stones
 F - 18 poisoned darts
Armour
 i - a +0 helmet (worn)
 A - a +0 buckler (worn)
 G - a +3 leather armour of fire resistance (worn)
 K - a +0 cloak (worn)
Jewellery
 h - a +4 ring of slaying (left hand)
 n - a ring of resist corrosion
 v - the ring "Ihoekhlee" {rPois rF- Int+3 Stlth+}
   (You found it on level 3 of the Dungeon)

   [ring of poison resistance]

   Int:       It affects your intelligence (+3).
   rF:        It makes you vulnerable to fire.
   rPois:     It protects you from poison.
   Stlth:     It makes you more stealthy.
 B - the amulet of Coare {RegenMP -Tele rF++}
   (You found it on level 4 of the Dungeon)

   [amulet of magic regeneration]

   It increases your rate of magic regeneration.
   rF:        It greatly protects you from fire.
   -Tele:     It prevents most forms of teleportation.
 C - a ring of magical power
 I - an amulet of magic regeneration (around neck)
 O - a +6 ring of dexterity (right hand)
Wands
 H - a wand of polymorph (3)
Scrolls
 d - 3 scrolls of identify
 e - 4 scrolls of teleportation
 k - 2 scrolls of poison {unknown}
 q - a scroll of silence
 s - a scroll of fear
 t - 2 scrolls of brand weapon {unknown}
 x - 2 scrolls of blinking
 z - a scroll of enchant armour {unknown}
 E - 5 scrolls of enchant weapon
 J - a scroll of immolation {unknown}
 N - a scroll of magic mapping
Potions
 b - 2 potions of magic
 c - 2 potions of brilliance
 f - 2 potions of mutation
 j - 2 potions of curing
 l - a potion of heal wounds
 m - 2 potions of flight
 o - 4 potions of might
 p - 3 potions of haste
 r - 2 potions of lignification
 u - 2 potions of attraction
 w - 2 potions of ambrosia
 L - a potion of cancellation {unknown}


   Skills:
 - Level 2.7 Dodging
 - Level 3.9 Stealth
 + Level 8.5 Spellcasting
 + Level 9.3 Hexes
 + Level 10.8 Necromancy


You had 14 spell levels left.
You knew the following spells:

 Your Spells              Type           Power      Damage    Failure   Level
a - Necrotise             Necr           100%       1d9       1%          1
b - Vampiric Draining     Necr           53%        2d9       1%          3
c - Confusing Touch       Hex            48%        N/A       1%          3
q - Agony                 Necr           53%        N/A       4%          5

Your spell library contained the following spells:

 Spells                   Type           Power      Damage    Failure   Level
 Slow                     Hex            100%       N/A       1%          1
 Animate Dead             Necr           53%        N/A       1%          4
 Dazzling Flash           Conj/Hex       56%        N/A       7%          3
 Beastly Appendage        Tmut           16%        N/A       16%         1
 Shock                    Conj/Air       32%        1d5       16%         1
 Scorch                   Fire           16%        2d5       24%         2
 Wereblood                Tmut           8%         N/A       24%         2
 Ignite Poison            Fire/Tmut/Pois 8%         N/A       43%         3
 Mephitic Cloud           Conj/Pois/Air  8%         N/A       43%         3
 Ozocubu's Armour         Ice            8%         N/A       43%         3
 Spider Form              Tmut/Pois      8%         N/A       43%         3
 Swiftness                Air            8%         N/A       43%         3
 Metabolic Englaciation   Hex/Ice        14%        N/A       54%         5
 Silence                  Hex/Air        14%        N/A       54%         5
 Airstrike                Air            4%         2d(1-17)  83%         4
 Flame Wave               Conj/Fire      8%         2d5       83%         4
 Simulacrum               Ice/Necr       15%        N/A       95%         6
 Fireball                 Conj/Fire      4%         3d4       99%         5
 Freezing Cloud           Conj/Ice/Air   4%         6-21      99%         5
 Iskenderun's Battlesphe  Conj           8%         2d6       99%         5
 Conjure Ball Lightning   Conj/Air       4%         3x3d6     100%        6
 Summon Cactus Giant      Summ           4%         N/A       100%        6
 Orb of Destruction       Conj           4%         9d5       100%        7


Dungeon Overview and Level Annotations

Branches:
Dungeon (9/15)             Temple (1/1) D:5            Lair (0/5) D:8
Ossuary (visited)
    Orc: D:9-12

Altars:
Cheibriados
Gozag
Kikubaaqudgha
Makhleb
Okawaru
Qazlal
Sif Muna
Trog
Wu Jian
Xom

Shops:
D:3 :   D:5 *

Annotations:
D:4 Grinder
D:6 exclusion: 2 wights
D:8 Digging


Innate Abilities, Weirdness & Mutations

Your natural rate of healing is accelerated.
You have razor-sharp teeth.
You have supernaturally acute eyesight. (SInv)
You are afflicted with vampirism and can become a bat while bloodless.


Message History

The quasit completely misses you. The quasit closely misses you.
The kobold brigand closely misses you.
The kobold demonologist mumbles some strange words.
You climb upwards.
The ynoxinul disappears in a puff of smoke!
The quasit disappears in a puff of smoke! x2
The iron imp disappears in a puff of smoke!
There is a stone staircase leading down, spattered with blood here.
You completely miss the kobold demonologist.
The kobold demonologist is moderately wounded.
The kobold brigand hits you but does no damage.
The kobold demonologist gestures wildly while chanting.
The orc priest shouts!
You hit the kobold demonologist but do no damage.
The kobold demonologist appears confused.
The kobold demonologist is moderately wounded.
The kobold brigand hits you with a +0 dagger.
The orc priest miscasts a cantrip.
The kobold brigand closely misses you.
The kobold demonologist asks, "Where am I?"
The kobold brigand attacks as you move away!
The kobold brigand hits you but does no damage.
The kobold demonologist closely misses the sun demon.
The kobold brigand attacks as you move away!
The kobold brigand closely misses you.
The kobold brigand throws a curare-tipped dart.
The curare-tipped dart barely misses you.
The sun demon attacks as you move away! The sun demon hits you!!
You are engulfed in flames.
You resist.
There is an open door here.
The sun demon attacks as you move away! The sun demon hits you!
You are engulfed in flames!
You resist.
* * * LOW HITPOINT WARNING * * *
The orc priest begins to cast a cantrip, but forgets the words!
The sun demon attacks as you move away! The sun demon closely misses you.
The sun demon attacks as you move away! The sun demon closely misses you.
The sun demon hits you.
* * * LOW HITPOINT WARNING * * *
You are engulfed in flames!
You resist.
You die...

.........K.................#.#
.............#.....####.#..#.#
............>.........#.#..#.#
.............#.....##.#.#..#.#
.............#o....##.#.#..#.#
.........###.#.....##.#.#..#.#
.........###'#.....##.#.####.#
.........#...............<...#
.........#....K3@......##.####
..########.......>.....##.#
#.......###...#######.###.##
#.............#............#
..............#............#
....###.......#............#
..........#...##......###.##
#.#.......'...##......# #.#
..........#...#.......# #.#


You could see a sun demon (summoned), a kobold brigand and an orc priest.

Vanquished Creatures
  Maggie (D:7)
  Sigmund (D:2)
  A yak (D:8)
  2 wyverns (D:7)
  Eustachio (D:6)
  A basilisk (shapeshifter) (D:8)
  3 water moccasins
  2 orc warriors
  An ice beast (D:5)
  3 black bears (D:8)
  A centaur (D:9)
  An ogre (D:6)
  A kobold brigand (D:7)
  5 bullfrogs
  A necrophage (D:8)
  6 scorpions
  A wight (D:6)
  3 howler monkeys (D:7)
  A crimson imp (D:7)
  2 jellies
  A human zombie (Ossuary)
  2 orc priests
  Jessica (D:2)
  2 iguanas (D:6)
  Natasha (thrice) (D:4)
  5 orc wizards
  Terence (D:2)
  3 mummies (Ossuary)
  4 gnolls (D:3)
  7 adders
  A shadow imp (D:7)
  A white imp (D:6)
  4 ufetubi
  4 adder zombies (Ossuary)
  3 worms (D:2)
  2 dart slugs
  22 orcs
  5 ball pythons
  5 bats
  8 endoplasms
  3 giant cockroaches (D:2)
  10 goblins
  5 hobgoblins
  8 jackals
  2 quokkas (D:1)
  3 frilled lizards
  A gnoll zombie (Ossuary)
  2 goblin zombies (Ossuary)
  2 hobgoblin zombies (Ossuary)
  13 kobolds
  3 kobold zombies (Ossuary)
  2 quokka zombies (Ossuary)
  9 rats
  3 rat zombies (Ossuary)
188 creatures vanquished.

Vanquished Creatures (collateral kills)
  An endoplasm (D:1)
  3 goblins (D:3)
  A ball python (D:1)
  A frilled lizard (D:1)
  A rat (D:3)
7 creatures vanquished.

Vanquished Creatures (others)
  55 fungi (D:8)
  32 plants (D:8)
87 creatures vanquished.

Grand Total: 282 creatures vanquished

Notes
Turn   | Place    | Note
-------+----------+-------------------------------------------
     0 | D:1      | EvilAshe the Vampire Necromancer began the quest for the
                  | Orb.
     0 | D:1      | Reached XP level 1. HP: 13/13 MP: 3/3
    37 | D:2      | Noticed Sigmund
   415 | D:1      | Reached XP level 2. HP: 19/19 MP: 1/5
   652 | D:2      | Noticed Jessica
  1055 | D:1      | Gained mutation: You are afflicted with vampirism and can
                  | become a bat while bloodless. [Vampire growth]
  1055 | D:1      | Reached XP level 3. HP: 24/24 MP: 2/6
  1416 | D:1      | Learned a level 3 spell: Vampiric Draining
  1693 | D:2      | Killed Jessica
  1694 | D:2      | Reached skill level 5 in Necromancy
  1803 | D:2      | Found a shimmering altar of Xom.
  1852 | D:2      | Reached XP level 4. HP: 29/30 MP: 6/8
  2002 | D:3      | Found Maucamn's Book Boutique.
  2093 | D:3      | Identified the ring "Ihoekhlee" {rPois rF- Int+3 Stlth+}
  2211 | D:2      | Noticed Terence
  2377 | D:3      | Found an iron altar of Okawaru.
  2566 | D:3      | Found a shimmering altar of Xom.
  2868 | D:3      | Reached XP level 5. HP: 35/35 MP: 10/10
  3136 | D:4      | Reached skill level 6 in Necromancy
  3256 | D:4      | Noticed Natasha
  3264 | D:4      | Killed Natasha
  3265 | D:4      | Reached XP level 6. HP: 41/41 MP: 6/12
  3305 | D:4      | Noticed Natasha
  3310 | D:4      | Killed Natasha
  3364 | D:4      | Identified the amulet of Coare {RegenMP -Tele rF++}
  3453 | D:4      | Noticed a hornet
  3780 | D:4      | Noticed Natasha
  3784 | D:4      | Killed Natasha
  3879 | D:5      | Entered Level 5 of the Dungeon
  3953 | D:5      | Found Buedunucw's General Store.
  4011 | D:5      | Noticed an ice beast
  4025 | D:5      | Reached skill level 7 in Necromancy
  4028 | D:5      | Killed an ice beast
  4029 | D:5      | Reached skill level 5 in Spellcasting
  4029 | D:5      | Reached XP level 7. HP: 45/46 MP: 4/14
  4039 | D:5      | Found a sand-covered staircase.
  4046 | Ossuary  | Entered an ossuary
  4511 | D:5      | Found an opulent altar of Gozag.
  4606 | D:5      | Found a staircase to the Ecumenical Temple.
  4618 | Temple   | Entered the Ecumenical Temple
  4652 | Temple   | Became a worshipper of Makhleb the Destroyer
  4725 | D:5      | Found a shimmering blue altar of Sif Muna.
  5019 | D:5      | Reached skill level 8 in Necromancy
  5089 | D:5      | Bought a potion of haste for 100 gold pieces
  5107 | D:5      | Learned a level 3 spell: Confusing Touch
  5262 | D:6      | Noticed Eustachio
  5419 | D:6      | Reached skill level 1 in Hexes
  5419 | D:6      | Reached XP level 8. HP: 52/52 MP: 10/17
  5500 | D:6      | Killed Eustachio
  6181 | D:6      | Found an ancient bone altar of Kikubaaqudgha.
  6453 | D:2      | Killed Terence
  6502 | D:2      | Found a faded altar of an unknown god.
  6558 | D:2      | Killed Sigmund
  6748 | D:4      | Reached * piety under Makhleb
  6871 | D:4      | Noticed Grinder
  6880 | D:4      | Found a stormy altar of Qazlal.
  6991 | D:7      | Noticed Maggie
  7190 | D:7      | Reached skill level 9 in Necromancy
  7255 | D:7      | Reached skill level 5 in Hexes
  7426 | D:7      | Killed Maggie
  7463 | D:7      | Reached XP level 9. HP: 49/57 MP: 8/19
  7698 | D:7      | Reached ** piety under Makhleb
  7780 | D:7      | Learned a level 5 spell: Agony
  8040 | D:8      | Noticed a kobold demonologist
  8059 | D:7      | Reached skill level 10 in Necromancy
  8176 | D:7      | Found an ornate altar of the Wu Jian Council.
  8539 | D:8      | Noticed a two-headed ogre
  8551 | D:8      | Noticed a glowing shapeshifter
  8551 | D:8      | a two-headed ogre changed into a glowing shapeshifter
  8552 | D:8      | Noticed a manticore
  8552 | D:8      | a glowing shapeshifter changed into a manticore
  8556 | D:8      | a manticore changed into a culicivora
  8558 | D:8      | Noticed a polar bear
  8558 | D:8      | a culicivora changed into a polar bear
  8559 | D:8      | a polar bear changed into a basilisk
  8616 | D:8      | Identified the +3 leather armour "Ataarit" {Will++ Slay-5}
  8626 | D:8      | Found a staircase to the Lair.
  8775 | D:8      | Reached XP level 10. HP: 63/63 MP: 15/22
  8922 | D:8      | Noticed an orange demon
  8927 | D:7      | Noticed a sun demon
  8935 | D:7      | Slain by a sun demon

Illustrated notes

Levels and vault maps discovered:
D:1:      eino_arrival_cavern_b, layout_basic, minmay_quantized
D:2:      layout_loops_cross, basic_altar,
          hellmonk_ecumenical_altar_leap_of_faith, chequers_mini_garden,
          minmay_pentomino_v4, uniq_terence, uniq_jessica, uniq_sigmund
D:3:      kennysheep_big_flooded_room, layout_rooms, old_standard_altar,
          mainiacjoe_overflow_small_starburst, serial_shops, shop,
          minmay_goblin_outpost
D:4:      nicolae_cairo_tiling, layout_gridville, lemuel_tele_altar,
          fountainhead, corexii_hall_statues_u, uniq_natasha,
          uniq_crazy_yiuf_cottage, uniq_grinder
D:5:      layout_cave_pods, grunt_temple_overflow_gold_and_silver,
          nicolae_sif_muna_condensation, minmay_temple_entry_offerings,
          serial_shops, shop, lightli_ossuary_entry_decrepit_ruins
D:6:      layout_loops_cross, lemuel_crystal_altar,
          mainiacjoe_overflow_alcove_1, uniq_eustachio
D:7:      layout_basic, nzn_wu_jian_council_hall, minmay_misc_feat_tiny,
          uniq_maggie
D:8:      layout_basic, mainiacjoe_overflow_24_doors, lemuel_round_altar,
          grunt_dithmenos_smoke_and_mirrors, nicolae_uskayaw_en_pointe,
          mainiacjoe_overflow_six_doors_small, due_lair_maze_entry_diamond,
          minivault_21, chequers_serial_rivers_micro_d,
          small_statue_intersection
D:9:      layout_rooms, kennysheep_little_box
Temple:   hellmonk_temple_beads

Skill      XL: |  1  2  3  4  5  6  7  8  9 |
---------------+----------------------------+-----
Necromancy     | 5 6 7 8 9 10 | 10.8
Spellcasting   | 3 4 5 6 7 8 |  8.5
Hexes          | 1 6 9 |  9.3
Dodging        | |  2.7
Stealth        | |  3.9

Action                   |  1- 3 |  4- 6 |  7- 9 | 10-12 || total
-------------------------+-------+-------+-------+-------++-------
Melee: Whip              |     5 |       |       |       ||     5
       Short sword       |    19 |    34 |   171 |       ||   224
       Bite              |     1 |     3 |    25 |       ||    29
       Dagger            |       |       |    32 |     4 ||    36
Throw: Dart              |       |       |     6 |       ||     6
       Javelin           |       |       |     1 |       ||     1
 Cast: Necrotise         |    54 |    82 |    86 |     4 ||   226
       Vampiric Draining |       |    14 |    58 |       ||    72
       Confusing Touch   |       |       |    13 |     1 ||    14
Evoke: Wand              |       |     7 |    10 |       ||    17
  Use: Scroll            |       |    12 |     6 |       ||    18
       Potion            |       |       |     3 |       ||     3
 Stab: Sleeping          |     2 |     3 |     5 |     1 ||    11
       Confused          |       |       |    12 |       ||    12
Armor: Robe              |     1 |     6 |    10 |       ||    17
       Leather armour    |       |       |    66 |     5 ||    71
       Skin              |       |       |    18 |       ||    18
Dodge: Dodged            |    26 |    23 |   139 |    12 ||   200
Block: Buckler           |       |     5 |    38 |     1 ||    44
